 Dungeon Crawl Stone Soup version 0.30-a0-802-gb92711bcdf (webtiles) character file.

Game seed: 11435339072891834321

16157 Newt the Warrior (level 12, 0/111 HPs)
             Began as a Demonspawn Gladiator on Feb 24, 2023.
             Was a Priest of Okawaru.
             Slain by a wyvern (8 damage)
             ... on level 11 of the Dungeon.
             The game lasted 00:16:42 (12855 turns).

Newt the Warrior (Demonspawn Gladiator)            Turns: 12855, Time: 00:16:43

Health: 0/111      AC: 14    Str: 16    XL:     12   Next: 7%
Magic:  21/21      EV:  8    Int: 10    God:    Okawaru [***...]
Gold:   726        SH:  8    Dex: 18    Spells: 11/11 levels left

rFire   . . .      SeeInvis +    B - +6 broad axe
rCold   . . .      Faith    .    R - +0 kite shield
rNeg    . . .      Spirit   .    N - +1 plate armour of Kucadusi {Rampage}
rPois   .          Reflect  .    (helmet unavailable)
rElec   .          Harm     .    (cloak unavailable)
rCorr   .          Rampage  +    f - +2 pair of gloves
Will    .....                    (no boots) Stlth
                                 t - amulet of regeneration
HPRegen 1.18/turn                l - ring of magical power
MPRegen 0.17/turn                A - +5 ring of evasion

@: no status effects
A: antennae 3, claws 1, (demonic guardian 1), weakness stinger 3
a: Renounce Religion, Heroism


You were on level 11 of the Dungeon.
You worshipped Okawaru.
Okawaru was most pleased with you.
You visited 2 branches of the dungeon, and saw 12 of its levels.
You also visited: Sewer and Bailey.

You collected 726 gold pieces.

Inventory:

Hand Weapons
 a - a +0 rapier
 g - a +2 dagger of chaos
 o - a +6 short sword of freezing
 B - a +6 broad axe (weapon)
 H - a +3 scimitar of freezing
Missiles
 p - 15 poisoned darts (quivered)
 r - 28 boomerangs
 s - 7 javelins
 w - 6 datura-tipped darts
 E - 2 curare-tipped darts
Armour
 b - a +1 leather armour
 c - a +0 helmet
 f - a +2 pair of gloves (worn)
 y - a +0 cloak
 C - an orb of energy
 K - +0 steam dragon scales
 N - the +1 plate armour of Kucadusi (worn) {Rampage}
   (You acquired it on level 10 of the Dungeon)

   Rampage:   It bestows one free step when moving towards enemies.
 R - a +0 kite shield (worn)
Jewellery
 h - a ring of magical power
 j - a ring of resist corrosion
 l - a ring of magical power (left hand)
 t - an amulet of regeneration (around neck)
 A - a +5 ring of evasion (right hand)
 G - a +6 ring of dexterity
 I - a ring of protection from cold
 M - a ring of protection from fire
Wands
 v - a wand of quicksilver (14)
 x - a wand of flame (28)
 D - a wand of roots (9)
Scrolls
 e - a scroll of silence
 i - 5 scrolls of teleportation
 n - 3 scrolls of fear
 q - 6 scrolls of blinking
 u - a scroll of amnesia
 S - 2 scrolls of poison {unknown}
Potions
 d - 3 potions of curing
 k - 3 potions of mutation
 m - a potion of ambrosia
 z - 2 potions of resistance
 F - a potion of degeneration
 J - 2 potions of might
 O - a potion of haste {unknown}
 P - a potion of magic {unknown}
 Q - a potion of invisibility {unknown}
 U - 2 potions of berserk rage
Miscellaneous
 T - a lightning rod (4/4)


   Skills:
 - Level 16.1 Fighting
 - Level 4.4 Short Blades
 + Level 9.7 Axes
 - Level 1.7 Throwing
 - Level 2.6 Dodging
 - Level 1.5 Stealth


You had 11 spell levels left.
You didn't know any spells.
Your spell library contained the following spells:

 Spells                   Type           Power      Damage    Failure   Level
 Shock                    Conj/Air       0%         1d3       100%        1
 Static Discharge         Conj/Air       0%         2-2/arc   100%        2
 Swiftness                Air            0%         N/A       100%        3
 Vhi's Electric Charge    Tloc/Air       0%         N/A       100%        3
 Airstrike                Air            0%         2d(0-16)  100%        4
 Arcjolt                  Conj/Air       0%         1d10      100%        5
 Lightning Bolt           Conj/Air       0%         1d11      100%        5


Dungeon Overview and Level Annotations

Branches:
Dungeon (11/15)            Temple (1/1) D:6            Lair (0/5) D:11
    Orc (0/2) D:11          Sewer (visited)          Bailey (visited)

Altars:
Ashenzari
Cheibriados
Dithmenos
Fedhas
Gozag
Hepliaklqana
Kikubaaqudgha
Makhleb
Nemelex Xobeh
Okawaru
Qazlal
Ru
Sif Muna
Trog
Uskayaw
Vehumet
Wu Jian
Xom
Yredelemnul

Shops:
D:3 :   D:10 (


Innate Abilities, Weirdness & Mutations

You have a pair of large antennae on your head. (SInv)
You have sharp fingernails.
((A weak demonic guardian rushes to your aid.))
You have a sharp stinger which inflicts weakening toxins.


Message History

The yak gores you!
* * * LOW HITPOINT WARNING * * *
Unknown command.
You slash the yak!
The yak is moderately wounded.
You block the yak's attack. The yak barely misses you.
You hit the yak but do no damage.
Your tail-slap misses the yak.
The yak is moderately wounded.
You hit the boulder beetle but do no damage.
The boulder beetle hits you!
* * * LOW HITPOINT WARNING * * *
The boulder beetle stops rolling and uncurls.
The yak gores you but does no damage.
You slash the boulder beetle!
You kill the boulder beetle!
Okawaru is honoured by your kill.
You barely miss the yak. The yak gores you.
* * * LOW HITPOINT WARNING * * *
Unknown command.
You slice the yak!!
The yak is severely wounded.
The yak gores you but does no damage. x2
Unknown command.
You slice the yak!!
You kill the yak!
Okawaru accepts your kill. You block the wyvern's attack.
You slash the wyvern!
The wyvern is moderately wounded.
The wyvern bites you but does no damage. x2
You hit the wyvern.
The wyvern is heavily wounded.
The wyvern bites you but does no damage. x2
You block the wyvern's attack.
You closely miss the wyvern.
The wyvern is heavily wounded.
The wyvern bites you.
* * * LOW HITPOINT WARNING * * *
The wyvern bites you!
You die...

.. . #. ..##. #. ###+##.#.. ##
##. .......#.### .# .. (..
#.....#...#. ...# .... ..
#.....#)..#. ..# .... ..######
#....l#)..#. ..##.....
#.....########@...#.. .....#
#........#....)†..#.###...#####
#........+........#..........#.
#........#........#........[.+.
#..............##............#.
#..........).........##......#.
#.........###........##........
#.....#'#####.........#........
#######....##.......###....[<..


You could see a wyvern.

Vanquished Creatures
  An orc warlord (Bailey)
  3 two-headed ogres
  2 boulder beetles (D:11)
  3 death yaks (D:10)
  Pikel (D:7)
  An ugly thing (D:11)
  Maurice (D:11)
  A gargoyle (D:11)
  An unseen horror (D:6)
  A kobold demonologist (D:9)
  Psyche (D:9)
  2 trolls
  2 wraiths
  A vampire (D:9)
  A wyvern (D:6)
  10 yaks (D:11)
  2 steam dragons
  4 vampire mosquitoes (D:10)
  2 acid dragons
  2 water moccasins
  A sky beast (D:7)
  An ice beast (D:6)
  A black bear (D:7)
  10 orc warriors
  The ghost of GiantSquids the Chopper, an amateur MiBe of Trog (D:3)
  2 centaurs
  2 lemures (D:7)
  2 phantoms
  Blork the orc (D:4)
  4 kobold brigands
  A necrophage (D:4)
  3 bullfrogs
  A scorpion (D:6)
  9 wights
  Dowan (D:5)
  6 killer bees (D:10)
  7 howler monkeys (D:9)
  4 crimson imps (D:8)
  A jelly (D:7)
  3 hounds
  12 orc priests
  Terence (D:3)
  An iguana (D:4)
  10 orc wizards
  3 hell rats
  8 gnolls
  12 adders
  5 river rats
  A shadow imp (D:8)
  A white imp (D:7)
  3 worms
  3 dart slugs
  30 orcs
  18 ball pythons
  7 bats
  12 endoplasms
  6 giant cockroaches
  15 goblins
  6 hobgoblins
  2 jackals (D:1)
  28 kobolds
  4 quokkas
  6 frilled lizards
  25 rats
322 creatures vanquished.

Vanquished Creatures (collateral kills)
  Duvessa (D:5)
  A centaur (D:7)
  A bullfrog (Sewer)
  A gnoll (D:6)
  2 orcs (D:8)
  4 ball pythons (Sewer)
10 creatures vanquished.

Vanquished Creatures (others)
  2 kobolds (D:9)
  10 withered plants (D:9)
12 creatures vanquished.

Grand Total: 344 creatures vanquished

Notes
Turn   | Place    | Note
-------+----------+-------------------------------------------
     0 | D:1      | Newt the Demonspawn Gladiator began the quest for the Orb.
     0 | D:1      | Reached XP level 1. HP: 16/16 MP: 1/1
    42 | D:1      | Reached skill level 1 in Stealth
   237 | D:1      | Discovered your monstrous ancestry.
   237 | D:1      | Gained mutation: You have a pair of small antennae on your
                  | head. [demonic ancestry]
   237 | D:1      | Reached XP level 2. HP: 20/22 MP: 2/2
   577 | D:1      | Reached skill level 3 in Fighting
   658 | D:1      | Gained mutation: You have a small tail. [demonic ancestry]
   658 | D:1      | Reached XP level 3. HP: 29/29 MP: 3/3
   892 | D:1      | Found a faded altar of an unknown god.
  1674 | D:3      | Found Zilath's Book Emporium.
  1707 | D:3      | Reached skill level 4 in Fighting
  1707 | D:3      | Gained mutation: You have a pair of antennae on your head.
                  | [demonic ancestry]
  1707 | D:3      | Reached XP level 4. HP: 28/37 MP: 4/4
  1795 | D:3      | Noticed GiantSquids's ghost (amateur MiBe)
  1798 | D:3      | Found a runed translucent door.
  1824 | D:3      | Noticed Terence
  1832 | D:3      | Killed Terence
  2585 | D:3      | Killed GiantSquids's ghost
  2586 | D:3      | Reached skill level 5 in Fighting
  2586 | D:3      | Gained mutation: You have a pair of large antennae on your
                  | head. (SInv) [demonic ancestry]
  2586 | D:3      | Reached XP level 5. HP: 46/46 MP: 5/5
  2837 | D:4      | Reached skill level 6 in Fighting
  2987 | D:4      | Reached XP level 6. HP: 53/53 MP: 6/6
  3256 | D:4      | Reached skill level 7 in Fighting
  3354 | D:4      | Noticed Blork the orc
  3365 | D:4      | Killed Blork the orc
  3421 | D:4      | Gained mutation: A weak demonic guardian rushes to your
                  | aid. [demonic ancestry]
  3421 | D:4      | Reached XP level 7. HP: 54/60 MP: 7/7
  3694 | D:5      | Entered Level 5 of the Dungeon
  3849 | D:5      | Reached skill level 8 in Fighting
  4081 | D:5      | Reached skill level 9 in Fighting
  4324 | D:5      | Noticed Duvessa
  4324 | D:5      | Noticed Dowan
  4338 | D:5      | Killed Dowan
  4339 | D:5      | Gained mutation: You have sharp fingernails. [demonic
                  | ancestry]
  4339 | D:5      | Reached XP level 8. HP: 40/71 MP: 8/8
  4344 | D:5      | Killed Duvessa
  4782 | D:5      | Found a shadowy altar of Dithmenos.
  4797 | D:5      | Became a worshipper of Dithmenos the Shadowed
  4937 | D:6      | Reached skill level 10 in Fighting
  5179 | D:6      | Found a glowing drain.
  5212 | Sewer    | Entered a sewer
  5305 | Sewer    | Reached * piety under Dithmenos
  5553 | Sewer    | Reached skill level 11 in Fighting
  5659 | D:6      | Noticed an unseen horror
  5678 | D:6      | Killed an unseen horror
  5679 | D:6      | Reached XP level 9. HP: 65/82 MP: 9/9
  5708 | D:6      | Reached ** piety under Dithmenos
  5750 | D:6      | Reached skill level 12 in Fighting
  6086 | D:6      | Found a staircase to the Ecumenical Temple.
  6613 | D:7      | Noticed Pikel
  6633 | D:7      | Killed Pikel
  6634 | D:7      | Reached skill level 13 in Fighting
  7079 | D:7      | Found a snail-covered altar of Cheibriados.
  7079 | D:7      | Found an ornate altar of the Wu Jian Council.
  7080 | D:7      | Found a burning altar of Makhleb.
  7080 | D:7      | Found a hazy altar of Hepliaklqana.
  7617 | D:8      | Reached skill level 14 in Fighting
  7660 | D:8      | Found a shimmering altar of Xom.
  7749 | D:8      | Gained mutation: You have a tail ending in a sharp stinger.
                  | [demonic ancestry]
  7749 | D:8      | Reached XP level 10. HP: 24/86 MP: 10/10
  8180 | D:9      | Noticed Psyche
  8194 | D:9      | Killed Psyche
  8426 | D:9      | Noticed a two-headed ogre
  8445 | D:9      | Reached skill level 15 in Fighting
  8460 | D:9      | Killed a two-headed ogre
  8460 | D:9      | Reached *** piety under Dithmenos
  8731 | D:10     | Entered Level 10 of the Dungeon
  8837 | D:10     | Found Byplif's Antique Weapon Boutique.
  8847 | D:10     | Found a flagged portal.
  8864 | Bailey   | Entered a bailey
  8869 | Bailey   | Noticed an orc warlord
  8975 | Bailey   | Reached skill level 16 in Fighting
  9143 | Bailey   | Found a runed translucent gate.
  9145 | Bailey   | Found a runed translucent gate.
  9159 | Bailey   | Found a runed translucent gate.
  9290 | Bailey   | Killed an orc warlord
  9317 | D:10     | Acquired the +1 plate armour of Kucadusi {Rampage}
  9351 | D:10     | Noticed a two-headed ogre
  9364 | D:10     | Killed a two-headed ogre
  9365 | D:10     | Reached XP level 11. HP: 44/104 MP: 11/11
  9553 | D:10     | Reached **** piety under Dithmenos
 10289 | Temple   | Entered the Ecumenical Temple
 10432 | Temple   | Fell from the grace of Dithmenos
 10432 | Temple   | Became a worshipper of Warmaster Okawaru
 10640 | D:9      | Found an ancient bone altar of Kikubaaqudgha.
 10793 | D:11     | Found a staircase to the Orcish Mines.
 10850 | D:11     | Noticed a death yak
 10851 | D:11     | Noticed a death yak
 10861 | D:11     | Noticed a death yak
 10871 | D:10     | Killed a death yak
 10871 | D:10     | Reached * piety under Okawaru
 10872 | D:10     | Reached skill level 5 in Axes
 11157 | D:10     | HP: 1/101 [death yak (20)]
 11161 | D:10     | Killed a death yak
 11459 | D:10     | HP: 4/104 [death yak (13)]
 11460 | D:10     | Killed a death yak
 11870 | D:11     | Found a staircase to the Lair.
 11888 | D:11     | Noticed a two-headed ogre
 11896 | D:11     | Killed a two-headed ogre
 12218 | D:11     | Noticed a brown ugly thing
 12230 | D:11     | Killed a brown ugly thing
 12230 | D:11     | Reached ** piety under Okawaru
 12333 | D:11     | Noticed a boulder beetle
 12368 | D:11     | HP: 2/104 [boulder beetle (8)]
 12386 | D:11     | Killed a boulder beetle
 12802 | D:11     | Noticed Maurice
 12806 | D:11     | Reached *** piety under Okawaru
 12815 | D:11     | Noticed a boulder beetle
 12823 | D:11     | Killed Maurice
 12832 | D:11     | Gained mutation: You have a sharp stinger which inflicts
                  | weakening toxins. [demonic ancestry]
 12832 | D:11     | Reached XP level 12. HP: 62/111 MP: 12/12
 12842 | D:11     | HP: 4/111 [boulder beetle (13)]
 12850 | D:11     | Killed a boulder beetle
 12850 | D:11     | HP: 5/111 [yak (3)]
 12855 | D:11     | Slain by a wyvern

Illustrated notes

Levels and vault maps discovered:
D:1:      tarquinn_simple_flora_water_a, layout_basic,
          shapermc_ecumenical_altar_hornbeckon
D:2:      layout_basic, corexii_leaking_fountain, due_unseen_surprise
D:3:      layout_loops_ring, serial_shops, shop, hellmonk_ghost_happy_afterlife,
          hangedman_decor_growths, uniq_terence
D:4:      layout_loops_ring, uniq_blork_the_orc
D:5:      layout_basic, overflow_temple_1_default, corner_web_ring, uniq_duvessa
D:6:      layout_rooms, minmay_temple_entry_statues_pillars,
          gup_sewer_entry_glass
D:7:      layout_basic, grunt_temple_overflow_open, hangedman_decor_lopped,
          uniq_pikel
D:8:      layout_cave_pools, led_xom_imps, grunt_decor_one_mirror
D:9:      layout_basic, kiku_gazebo_garden_becter, uniq_psyche
D:10:     layout_small_grid, serial_shops, kennysheep_mini_moat, enter_bailey_3
D:11:     layout_basic, dpeg_lair_monsters, david_orc_3,
          dreamdust_mushroom_princess, unseen_surprise_small, uniq_maurice
Temple:   compressed_dpeg_triangle_lava_temple

Skill      XL: |  1  2  3  4  5  6  7  8  9 10 11 |
---------------+----------------------------------+-----
Stealth        | 1 |  1.5
Fighting       | 3 4 5 6 7 9 11 14 16 | 16.1
Short Blades   | 4 |  4.4
Axes           | 2 9 |  9.7
Throwing       | |  1.7
Dodging        | |  2.6

Action                     |  1- 3 |  4- 6 |  7- 9 | 10-12 || total
---------------------------+-------+-------+-------+-------++-------
  Melee: Rapier            |    54 |       |       |       ||    54
         Dagger            |    89 |    23 |       |       ||   112
         Punch             |     1 |     2 |     5 |     3 ||    11
         Tailslap          |     7 |    11 |    72 |    83 ||   173
         Short sword       |       |    96 |   508 |   242 ||   846
         Broad axe         |       |       |       |   232 ||   232
  Throw: Throwing net      |     1 |     1 |     1 |     2 ||     5
         Javelin           |       |       |     3 |       ||     3
         Dart              |       |       |     1 |    14 ||    15
         Boomerang         |       |       |       |     5 ||     5
    Use: Scroll            |     6 |     5 |    10 |     2 ||    23
         Potion            |       |     2 |     1 |     8 ||    11
   Stab: Held in net/web   |       |     2 |     1 |     3 ||     6
         Sleeping          |       |     2 |     2 |       ||     4
         Distracted        |       |       |     2 |       ||     2
 Armour: Leather armour    |    45 |    20 |   145 |    28 ||   238
         Plate armour      |       |       |       |   147 ||   147
  Dodge: Dodged            |   104 |    60 |   453 |   340 ||   957
  Block: Kite shield       |       |       |       |    84 ||    84

Table legend: (Time is in decaauts)
 A = Elapsed time spent in this place.
 B = Non-inter-level travel time spent in this place.
 C = Inter-level travel time spent in this place.
 D = Time resting spent in this place.
 E = Time spent auto-exploring this place.
 F = Levels seen in this place.
 G = Mean time per level.
                   A        B        C        D        E       F      G
               +--------+--------+--------+--------+--------+-----+--------+
         Total |  12945 |  12310 |    635 |   3851 |   6047 |  14 |  924.6 |
       Dungeon |  11930 |  11341 |    589 |   3663 |   5629 |  11 | 1084.5 |
        Temple |    159 |    114 |     45 |      0 |    104 |   1 |  159.0 |
         Sewer |    408 |    408 |      0 |     69 |    155 |   1 |  408.0 |
        Bailey |    446 |    446 |      0 |    119 |    158 |   1 |  446.0 |
               +--------+--------+--------+--------+--------+-----+--------+

Top non-repeatable levels by time:
    D:10: 2095 daAuts
     D:5: 1343 daAuts
     D:6: 1200 daAuts
    D:11: 1142 daAuts
     D:4: 1026 daAuts
     D:3: 988 daAuts
     D:7: 953 daAuts
     D:1: 934 daAuts
     D:9: 792 daAuts
     D:2: 739 daAuts
     D:8: 712 daAuts
  Bailey: 446 daAuts
   Sewer: 408 daAuts
  Temple: 159 daAuts
